 Dungeon Crawl Stone Soup version 0.28.0-45-g0d030f2227 (webtiles) character file.

Game seed: 905796199357554807

1224 Hrothgar the Chucker (level 8, -4/74 HPs)
             Began as a Troll Brigand on Apr 15, 2022.
             Was an Elder of Ignis.
             Slain by an ogre
             ... wielding a +0 giant club
              (21 damage)
             ... on level 5 of the Dungeon.
             The game lasted 00:27:15 (3793 turns).

Hrothgar the Chucker (Troll Brigand)                Turns: 3793, Time: 00:27:16

Health: -4/74      AC:  7    Str: 22    XL:     8   Next: 23%
Magic:  7/7        EV: 10    Int:  7    God:    Ignis [****..]
Gold:   205        SH:  0    Dex: 11    Spells: 5/8 levels left

rFire   + . .      SeeInvis .   v - +0 giant club
rCold   . . .      Faith    .   (shield currently unavailable)
rNeg    . . .      Spirit   .   b - +0 robe
rPois   .          Reflect  .   (helmet restricted)
rElec   .          Harm     .   l - +2 cloak {Will+}
rCorr   .          Rampage  .   (gloves unavailable)
Will    +....                   (boots unavailable)
Stlth   ++........              (no amulet)
HPRegen 1.02/turn               (no ring)
MPRegen 0.10/turn               (no ring)

@: no status effects
A: large, unfitting armour, claws 3, regeneration 1, shaggy fur 1, tough skin 1
a: Renounce Religion, Fiery Armour, Foxfire Swarm, Rising Flame


You were on level 5 of the Dungeon.
You worshipped Ignis.
Ignis was greatly pleased with you.
You visited 1 branch of the dungeon, and saw 5 of its levels.

You collected 205 gold pieces.

Inventory:

Hand Weapons
 i - a +4 quarterstaff of chaos
 o - a +3 hunting sling
 q - a +0 hand crossbow
 v - a +0 giant club (weapon)
Missiles
 d - 12 poisoned darts
 e - 2 curare-tipped darts (quivered)
 h - 39 sling bullets
 r - 15 bolts
Armour
 b - a +0 robe (worn)
 c - a +0 cloak
 l - a +2 cloak of willpower (worn)
 p - an orb of mayhem
Jewellery
 f - an amulet of regeneration
Scrolls
 m - a scroll of identify {unknown}
 n - 2 scrolls of teleportation
 u - a scroll of enchant armour {unknown}
 w - a scroll of blinking {unknown}
Potions
 a - 2 potions of resistance {unknown}
 g - 5 potions of curing {unknown}
 j - a potion of attraction {unknown}
 k - a potion of mutation {unknown}
 s - a potion of heal wounds {unknown}


   Skills:
 * Level 2.9 Fighting
 + Level 1.7 Short Blades
 * Level 0.9(1.6) Maces & Flails
 * Level 1.9(2.0) Staves
 * Level 1.3(2.2) Slings
 * Level 2.3 Crossbows
 * Level 3.5(3.7) Throwing
 * Level 1.9 Armour
 * Level 2.0 Dodging
 * Level 3.0 Stealth
 * Level 3.2 Unarmed Combat
 * Level 0.6 Spellcasting
 * Level 1.0 Necromancy
 * Level 0.9 Evocations


You had 5 spell levels left.
You knew the following spells:

 Your Spells              Type           Power      Damage    Failure   Level
a - Vampiric Draining     Necr           1%         2d6       65%         3

Your spell library contained the following spells:

 Spells                   Type           Power      Damage    Failure   Level
 Slow                     Hex            0%         N/A       41%         1
 Confusing Touch          Hex            0%         N/A       80%         3


Dungeon Overview and Level Annotations

Branches:
Dungeon (5/15)             Temple (0/1) D:5

Altars:
Dithmenos
Sif Muna
Zin
Ignis

Shops:
D:1 (


Innate Abilities, Weirdness & Mutations

You are too large for most types of armour.
You have claws for hands.
Your natural rate of healing is unusually fast.
You are covered in fur. (AC +1)
You have tough skin. (AC +1)


Message History

v - a +0 giant club (weapon)
The ogre barely misses you.
You completely miss the ogre. The ogre barely misses you.
You closely miss the ogre. The ogre barely misses you.
You closely miss the ogre. The ogre hits you with a +0 giant club!
You barely miss the ogre. The ogre closely misses you.
You barely miss the ogre.
The ogre hits you with a +0 giant club!!
The ogre barely misses you.
You sock the ogre!
The ogre is heavily wounded.
The ogre barely misses you.
You hit the ogre but do no damage.
The ogre is heavily wounded.
The ogre hits you with a +0 giant club.
You sock the ogre!
The ogre is severely wounded.
The ogre hits you with a +0 giant club!
You barely miss the ogre.
The ogre is severely wounded.
The ogre barely misses you.
You closely miss the ogre.
The ogre is severely wounded.
The ogre hits you with a +0 giant club! x2
* * * LOW HITPOINT WARNING * * *
You barely miss the ogre.
The ogre is severely wounded.
The ogre hits you with a +0 giant club!
* * * LOW HITPOINT WARNING * * *
Things that are here:
a +2 flail of protection; a +0 chain mail You sock the ogre!
The ogre is almost dead.
The ogre closely misses you.
You barely miss the ogre.
The ogre is almost dead.
The ogre closely misses you. The ogre hits you with a +0 giant club!
* * * LOW HITPOINT WARNING * * *
The ogre hits you with a +0 giant club!!
You die...

#..............#...####.....
#........####..###.# #.....
#........####......####.)...
###..#.....##...............
#############...######...........
#...........##....## #.###.######
'............#.....###.##.....###
#................................
#############...@.>..#..........#
#...O...............#
#############...................#
................)...#...........+
###..§########..........).......#
#..§## ##..#...##.<.......#
#§§.§§# #....#.##....)....#
#§.§.§.§ ##.#..............#
..§....§§ #...#.##.........#


You could see an ogre.

Vanquished Creatures
  Edmund (D:5)
  A black bear (D:5)
  An ogre (D:5)
  A phantom (D:5)
  2 scorpions (D:4)
  5 killer bees (D:5)
  2 hounds (D:5)
  A centaur skeleton (D:5)
  An orc priest (D:5)
  Crazy Yiuf (D:3)
  2 bullfrog skeletons (D:5)
  Jessica (D:2)
  2 iguanas (D:4)
  2 orc wizards
  A hound skeleton (D:4)
  9 adders
  2 ufetubi
  A worm (D:2)
  2 dart slugs
  6 orcs
  4 bats (D:1)
  5 endoplasms
  9 goblins
  5 hobgoblins
  10 jackals
  3 quokkas
  7 ball pythons
  A frilled lizard (D:3)
  5 kobolds
  5 rats
98 creatures vanquished.

Vanquished Creatures (others)
  12 foxfires (D:3)
12 creatures vanquished.

Grand Total: 110 creatures vanquished

Notes
Turn   | Place    | Note
-------+----------+-------------------------------------------
     0 | D:1      | Hrothgar the Troll Brigand began the quest for the Orb.
     0 | D:1      | Reached XP level 1. HP: 19/19 MP: 0/0
   141 | D:1      | Found Isedasae's Weapon Shop.
   218 | D:1      | Reached XP level 2. HP: 27/27 MP: 1/1
   438 | D:1      | Reached skill level 1 in Dodging
   865 | D:2      | Noticed Jessica
   904 | D:2      | Reached XP level 3. HP: 35/35 MP: 2/2
   914 | D:2      | Killed Jessica
   934 | D:2      | Reached skill level 1 in Unarmed Combat
   934 | D:2      | Reached XP level 4. HP: 35/42 MP: 3/3
  1174 | D:2      | Found a faded altar of an unknown god.
  1199 | D:2      | Prayed at the altar of an unknown god.
  1199 | D:2      | Became a worshipper of Ignis, the Dying Flame
  1602 | D:3      | Reached XP level 5. HP: 48/49 MP: 4/4
  1900 | D:3      | Found a runed translucent door.
  1901 | D:3      | Noticed Crazy Yiuf
  1911 | D:3      | Killed Crazy Yiuf
  2381 | D:4      | Reached skill level 1 in Armour
  2381 | D:4      | Reached XP level 6. HP: 17/57 MP: 5/5
  2766 | D:4      | Reached skill level 1 in Staves
  3032 | D:4      | Learned a level 3 spell: Vampiric Draining
  3175 | D:5      | Entered Level 5 of the Dungeon
  3203 | D:5      | Reached skill level 1 in Crossbows
  3224 | D:5      | Reached skill level 1 in Slings
  3224 | D:5      | Reached XP level 7. HP: 66/66 MP: 6/6
  3307 | D:5      | Found a glowing silver altar of Zin.
  3359 | D:5      | Found a staircase to the Ecumenical Temple.
  3379 | D:5      | Reached XP level 8. HP: 26/74 MP: 7/7
  3690 | D:5      | Found a shimmering blue altar of Sif Muna.
  3706 | D:5      | Noticed Edmund
  3728 | D:5      | Killed Edmund
  3729 | D:5      | Reached skill level 1 in Necromancy
  3753 | D:5      | Found a shadowy altar of Dithmenos.
  3793 | D:5      | Slain by an ogre

Illustrated notes

Levels and vault maps discovered:
D:1:      wander_arrival_lonely_grave, layout_loops_cross, serial_shops,
          nicolae_shop_advertising_works [nicolae_subvault_shop_adworks]
D:2:      layout_basic, hellmonk_ecumenical_altar_crossroads, uniq_jessica
D:3:      layout_rooms, serial_curves, eino_curves_04, eino_curves_02,
          uniq_crazy_yiuf_cottage
D:4:      layout_cave_pods, nrook_mini_vaults
D:5:      layout_rooms, lemuel_blue_sif_altar,
          nicolae_wu_jian_immortal_techniques, lemuel_tele_altar,
          nicolae_dithmenos_the_darkroom, minmay_temple_entry_grid,
          kennysheep_pointless_box, hex_tiny, hex_intersection,
          hangedman_decor_points, uniq_edmund

Skill      XL: |  1  2  3  4  5  6  7  8 |
---------------+-------------------------+-----
Dodging        | 1 2 |  2.0
Fighting       | 2 |  2.9
Throwing       | 2 3 |  3.5
Unarmed Combat | 1 2 3 |  3.2
Armour         | 1 |  1.9
Staves         | 1 |  1.9
Crossbows      | 1 2 |  2.3
Slings         | 1 |  1.3
Stealth        | 3 |  3.0
Necromancy     | 1 |  1.0
Short Blades   | |  1.7
Maces & Flails | |  0.9
Spellcasting   | |  0.6
Evocations     | |  0.9

Action                   |  1- 3 |  4- 6 |  7- 9 || total
-------------------------+-------+-------+-------++-------
Melee: Unarmed           |    47 |    79 |    24 ||   150
       Dagger            |     2 |       |       ||     2
       Punch             |     1 |     3 |       ||     4
       Quarterstaff      |       |     4 |       ||     4
       Giant club        |       |       |    21 ||    21
 Fire: Hunting sling     |       |     5 |       ||     5
       Hand crossbow     |       |    40 |    11 ||    51
Throw: Dart              |     3 |    21 |     2 ||    26
       Boomerang         |    27 |    32 |       ||    59
Invok: Fiery Armour      |       |     2 |       ||     2
       Foxfire Swarm     |       |     1 |       ||     1
Evoke: Wand              |       |     1 |     9 ||    10
  Use: Scroll            |     2 |     2 |       ||     4
 Stab: Sleeping          |     2 |     4 |       ||     6
Armor: Robe              |    23 |    44 |    25 ||    92
Dodge: Dodged            |    33 |    35 |    36 ||   104
